 Dungeon Crawl Stone Soup version 0.29.0-4-gdea44cf6ec (webtiles) character file.

Game seed: 11378151200264841215

158 qw the Chopper (level 5, -4/45 HPs)
             Began as a Minotaur Fighter on Sept 7, 2022.
             Killed from afar by an orc wizard (7 damage)
             ... with a puff of flame
             ... on level 3 of the Dungeon.
             The game lasted 00:01:05 (2299 turns).

qw the Chopper (Minotaur Fighter)                   Turns: 2299, Time: 00:01:06

Health: -4/45      AC:  8    Str: 23    XL:     5   Next: 16%
Magic:  4/4        EV:  9    Int:  5    God:
Gold:   84         SH:  0    Dex:  9    Spells: 4/4 levels left

rFire   . . .      SeeInvis .   Y - +0 war axe
rCold   . . .      Faith    .   c - +0 buckler
rNeg    . . .      Spirit   .   b - +0 scale mail
rPois   .          Reflect  .   (helmet restricted)
rElec   .          Harm     .   j - +0 cloak
rCorr   .          Rampage  .   (no gloves)
Will    .....                   (no boots)
Stlth   ..........              i - amulet of regeneration
HPRegen 0.95/turn               (no ring)
MPRegen 0.09/turn               (no ring)

@: confused
A: horns 2, retaliatory headbutt
a: no special abilities


You were on level 3 of the Dungeon.
You visited 1 branch of the dungeon, and saw 3 of its levels.

You collected 84 gold pieces.


Innate Abilities, Weirdness & Mutations

You have a pair of horns on your head.
You reflexively headbutt those who attack you in melee.


   Skills:
 - Level 3.6 Fighting
 + Level 6.3 Axes
 - Level 3.6 Armour
 - Level 1.0 Dodging
 - Level 3.6 Shields


You had 4 spell levels left.
You didn't know any spells.
Your spell library was empty.

Inventory:

Hand Weapons
 h - a +0 flail
 Y - a +0 war axe (weapon)
Armour
 b - a +0 scale mail (worn)
 c - a +0 buckler (worn)
 j - a +0 cloak (worn)
Jewellery
 i - an amulet of regeneration (around neck)
Potions
 d - a potion of might
 e - a potion of heal wounds
 f - a potion of degeneration {unknown}
 g - a potion of brilliance {unknown}
 m - a potion of haste {unknown}
 o - a potion of resistance {unknown}

Dungeon Overview and Level Annotations

Branches:
Dungeon (3/15)

Altars:


Message History

You hit the orc.
The orc is heavily wounded.
The orc hits you but does no damage.
You barely miss the orc. You headbutt the orc.
You kill the orc!
The orc wizard casts a spell.
The orc wizard flickers and vanishes!
Deactivating autopickup; reactivate with Ctrl-A.
You miss something. You headbutt something.
Something hits you but does no damage.
You hit something. Something hits you but does no damage.
You barely miss something. You block something's attack.
You closely miss something.
Something hits you but does no damage. x2; You are electrocuted!
You miss something. Your headbutt misses something.
Something hits you but does no damage.
You miss something. Your headbutt misses something. Something hits you.
You hit something. Something hits you but does no damage.
You barely miss something. Something hits you.
You are electrocuted!!
You hear some strange, mumbled words.
You are confused.
You're too confused to attack without stumbling around!
There is a strange disturbance nearby!
You hear some strange, mumbled words.
A puff of flame appears from out of thin air!
The puff of flame misses you.
You're too confused to attack without stumbling around!
There is a strange disturbance nearby!
Something hits you but does no damage.
You are electrocuted!
You're too confused to attack without stumbling around!
There is a strange disturbance nearby!
You hear some strange, mumbled words.
A puff of flame appears from out of thin air!
The puff of flame hits you!
You die...

... #>..# #.#.#
#.#.# #o#.#.#
#.#.#.#
#o#.#.###
#.#@#.#..
#.{.#.#.# .#
#)#.#.#.# #.#
#.#)#.#.# #.#
#.#...#.# #.#
#.#.#...#####.#
#.#.#.......#.#
#.#.#.#.###.#.#
#?..#.#.###...#


There were no monsters in sight!

Vanquished Creatures
  An orc wizard (D:3)
  4 gnolls
  3 adders (D:2)
  2 worms (D:2)
  An orc (D:3)
  2 bats
  7 endoplasms
  2 giant cockroaches
  6 goblins
  2 hobgoblins
  3 jackals (D:2)
  8 kobolds
  4 quokkas
  5 ball pythons
  5 frilled lizards
  6 rats
61 creatures vanquished.

Notes
Turn   | Place    | Note
-------+----------+-------------------------------------------
     0 | D:1      | qw the Minotaur Fighter began the quest for the Orb.
     0 | D:1      | Reached XP level 1. HP: 19/19 MP: 0/0
     0 | D:1      | 0 ||| qw: Version: 0.1-a-108-g9e35731
     0 | D:1      | 0 ||| qw: Game counter: 6539
     0 | D:1      | 0 ||| qw: Always use a shield: true
     0 | D:1      | 0 ||| qw: God list: Ru
     0 | D:1      | 0 ||| qw: Allow faded altars: false
     0 | D:1      | 0 ||| qw: Do Orc after D:15 true
     0 | D:1      | 0 ||| qw: Do second Lair branch before Depths: true
     0 | D:1      | 0 ||| qw: Lair rune preference: random
     0 | D:1      | 0 ||| qw: Plans: Normal
     0 | D:1      | 0 ||| PLANNING D:1-11
    89 | D:1      | Reached skill level 3 in Axes
   121 | D:1      | 121 ||| Stepping ~*~*~tactically~*~*~ (stealth).
   124 | D:1      | Reached XP level 2. HP: 21/26 MP: 1/1
   154 | D:1      | Reached skill level 4 in Axes
   309 | D:1      | 309 ||| DROPPING +0 club.
   610 | D:1      | Reached XP level 3. HP: 27/31 MP: 2/2
   861 | D:1      | 861 ||| Stepping ~*~*~tactically~*~*~ (stealth).
  1068 | D:1      | 1068 ||| READING scroll labelled NASECIDO CUFE.
  1069 | D:1      | 1069 ||| READING scroll labelled YMALOCY FYVI.
  1111 | D:2      | 1111 ||| Stepping ~*~*~tactically~*~*~ (stealth).
  1148 | D:2      | Reached skill level 5 in Axes
  1196 | D:2      | Reached skill level 1 in Dodging
  1196 | D:2      | Reached XP level 4. HP: 39/39 MP: 3/3
  1435 | D:2      | 1435 ||| UPGRADING to +0 cloak.
  1581 | D:2      | HP: 8/39 [gnoll/+0 spear (6)]
  1586 | D:2      | HP: 5/39 [gnoll/+0 spear (3)]
  1592 | D:2      | Reached skill level 6 in Axes
  1910 | D:2      | Found a faded altar of an unknown god.
  2113 | D:2      | 2113 ||| UPGRADING to amulet of regeneration.
  2118 | D:2      | 2118 ||| READING scroll labelled YSTROPP LAKEOPP.
  2119 | D:2      | 2119 ||| READING scroll labelled ATEYRI EMOLIRPHUX.
  2120 | D:2      | 2120 ||| READING scroll labelled ZEOME EKHLELAEF.
  2121 | D:2      | 2121 ||| READING scroll labelled NONEHU BARUYCH.
  2126 | D:2      | 2126 ||| DRINKING 2 viscous silvery potions.
  2127 | D:2      | 2127 ||| DRINKING 2 grey potions.
  2128 | D:2      | 2128 ||| DRINKING 2 coppery potions.
  2233 | D:2      | 2233 ||| DROPPING potion of attraction.
  2234 | D:2      | 2234 ||| DROPPING potion of berserk rage.
  2278 | D:3      | Reached XP level 5. HP: 45/45 MP: 4/4
  2282 | D:3      | 2282 ||| Stepping ~*~*~tactically~*~*~ (hiding).
  2298 | D:3      | HP: 2/45 [something (16)]
  2299 | D:3      | Killed from afar by an orc wizard

Levels and vault maps discovered:
D:1:      eino_arrival_cavern_e, layout_basic
D:2:      layout_rooms, nicolae_ecumenical_lake_church, chequers_mini_garden
D:3:      layout_basic, serial_shops, nicolae_shop_statue_plus,
          kennysheep_generic_room_14

Skill      XL: |  1  2  3  4 |
---------------+-------------+-----
Axes           | 3 4 5 6 |  6.3
Dodging        | 1 |  1.0
Fighting       | |  3.6
Armour         | |  3.6
Shields        | |  3.6

Action                   |  1- 3 |  4- 6 || total
-------------------------+-------+-------++-------
Melee: War axe           |    94 |    64 ||   158
       Headbutt          |     5 |    11 ||    16
  Use: Scroll            |     2 |     4 ||     6
       Potion            |       |     3 ||     3
Armor: Scale mail        |    28 |    29 ||    57
Dodge: Dodged            |    38 |    24 ||    62
Block: Buckler           |    15 |     7 ||    22

Table legend:
 A = Non-vault XP
 B = Vault XP
 C = Vault XP percentage of total XP
 D = Non-vault monster count
 E = Vault monster count
 F = Vault count percentage of total count
                 A         B        C        D         E       F
            +---------+---------+-------+---------+---------+-------
      Total |     226 |       0 |   0.0 |      61 |       0 |   0.0
            +---------+---------+-------+---------+---------+-------
        D:1 |      55 |       0 |   0.0 |      25 |       0 |   0.0
        D:2 |     131 |       0 |   0.0 |      33 |       0 |   0.0
        D:3 |      40 |       0 |   0.0 |       3 |       0 |   0.0
            +---------+---------+-------+---------+---------+-------
